 Dungeon Crawl Stone Soup version 0.20-a0-1116-gaa52201 (webtiles) character file.

2575 Rrauwl the Fighter (level 9, -3/101 HPs)
             Began as an Ogre Monk on May 7, 2017.
             Was a High Priest of the Shining One.
             Slain by an orc warrior
             ... wielding a +0 halberd
              (11 damage)
             ... on level 7 of the Dungeon.
             The game lasted 00:36:36 (8945 turns).

Rrauwl the Fighter (Ogre Monk)                      Turns: 8945, Time: 00:36:36

Health: -3/101     AC:  6    Str: 19    XL:     9   Next: 57%
Magic:  12/12      EV: 11    Int: 11    God:    the Shining One [*****.]
Gold:   296        SH:  0    Dex: 12    Spells: 6/8 levels left

rFire    . . .     SeeInvis .   a - +0 giant spiked club
rCold    . . .     Gourm    .   (shield currently unavailable)
rNeg     + + .     Faith    .   d - +1 robe
rPois    .         Spirit   .   (helmet restricted)
rElec    .         Reflect  .   (no cloak)
rCorr    +         Harm     .   (gloves unavailable)
MR       .....                  (boots unavailable)
Stlth    +.........             q - amulet of rage
Regen    0.3/turn               l - ring of resist corrosion
MPRegen  0.2/turn               (no ring)

@: about to teleport, glowing
A: unfitting armour, molten scales 1, sense surroundings 1, tough skin 1
a: Divine Shield, Cleansing Flame, Summon Divine Warrior, Renounce Religion,
Evoke Berserk Rage


You were on level 7 of the Dungeon.
You worshipped the Shining One.
The Shining One was extremely pleased with you.
You were not hungry.

You visited 2 branches of the dungeon, and saw 8 of its levels.
You also visited: Ossuary.

You collected 296 gold pieces.

Inventory:

Hand Weapons
 a - a +0 giant spiked club (weapon)
 b - a +0 hunting sling
 v - a +1 mace
Missiles
 e - 99 stones (quivered)
 f - 27 sling bullets
Armour
 d - a +1 robe (worn)
Jewellery
 h - an uncursed amulet of harm
 l - a ring of resist corrosion (left hand)
 q - an amulet of rage (around neck)
Wands
 j - a wand of iceblast (10/15)
 k - a wand of flame (17/48)
 p - a wand of confusion (23/48)
 s - a wand of enslavement (10/24)
 t - a wand of disintegration (7/24)
Scrolls
 g - 2 scrolls of teleportation
 y - 2 scrolls of immolation
 z - 2 scrolls of enchant armour
 A - 2 scrolls of recharging
 B - a scroll of remove curse
Potions
 i - 2 potions of cancellation
 o - 2 potions of mutation
 u - 2 potions of curing
 w - a potion of flight
 x - 2 potions of magic
Books
 m - a book of Minor Magic

   Spells                             Type                      Level
   a - Magic Dart                     Conjuration                  1
   b - Blink                          Translocation                2
   c - Call Imp                       Summoning                    2
   d - Slow                           Hexes                        2
   e - Conjure Flame                  Conjuration/Fire             3
   f - Mephitic Cloud                 Conjuration/Poison/Air       3
Comestibles
 c - 3 bread rations
 n - a chunk of flesh


   Skills:
 - Level 10.1 Fighting
 + Level 7.7 Maces & Flails
 - Level 3.0 Dodging
 - Level 1.4 Stealth
 + Level 4.2 Invocations
 - Level 4.2 Evocations


You had 6 spell levels left.
You knew the following spells:

 Your Spells              Type           Power        Failure   Level  Hunger
a - Blink                 Tloc           N/A          47%         2    ###....


Dungeon Overview and Level Annotations

Branches:
Dungeon (7/15)             Temple (1/1) D:4

Altars:
Ashenzari
Dithmenos
Elyvilon
Fedhas
Gozag
Hepliaklqana
Kikubaaqudgha
Makhleb
Nemelex Xobeh
Qazlal
Ru
Sif Muna
Uskayaw
Vehumet
Wu Jian
Xom
Yredelemnul
Zin
The Shining One

Shops:
D:6 (

Annotations:
D:5 ldierk's ghost, novice DrGl


Innate Abilities, Weirdness & Mutations

You are too large for most types of armour.
You have tough skin. (AC +1)
You are partially covered in molten scales. (AC +2)
You passively map a small area around you.


Message History

An orc wizard comes into view. It is wielding an enchanted dagger.
Unknown command.
You completely miss the orc warrior.
The orc warrior is lightly wounded.
The orc wizard shouts!
The jackal barely misses you.
The orc wizard gestures wildly while chanting.
The orc wizard blinks!
The jackal bites you but does no damage.
The orc warrior hits you with a halberd!
* * * LOW HITPOINT WARNING * * *
Unknown command.
As you read the scroll of teleportation, it crumbles to dust.
You feel strangely unstable.
The jackal bites you but does no damage.
The orc warrior hits you with a halberd!
* * * LOW HITPOINT WARNING * * *
The jackal barely misses you.
The orc warrior hits you from afar with a halberd!
You die...

*,,,,,* *,* *,*
**************....?* *,* *,*
*,,,,,,,,,,,,>,?!..* *,* *,**
,,,≈≈≈≈≈≈≈,***,...,* *,* *,,*
,*,≈*****≈,* *,...,* *,*****,*
,,,≈*,,,*≈,* **#.#******,,,,,,,*
*,,≈*,∩,.≈,* #.#,,,,,,,,,,,,,*
*,,≈*,,,#≈.#####.#,*****,*,,_,,*
*>,≈****#≈.....o@#,* *,*,,,,,*
*,,≈≈≈≈≈≈≈...oo)h#,* **,*,,,,,**
,,,,,,,,.......#.#.# *,,,,,,,,,*
,,,,,,,,.##.##.#o#.# *,***,***,*
,,,,,,,,,......#h#.# *,* *,* *,*
,,,,****.##.##.#o#.# *,# *,* *,*
,,,** #,*#.##.#g#.####.#**,* *,*
**** #.##.##.#)#.......,,,* *,*
#...........g....#**** *,*


You could see an orc warrior, a gnoll, 4 orcs and 2 jackals.

Vanquished Creatures
  A hungry ghost (D:7)
  2 black bears
  An ice beast (D:6)
  2 orc warriors (D:6)
  A phantom (D:3)
  2 ogres
  2 centaurs (D:7)
  2 elf zombies (Ossuary)
  2 bullfrogs
  4 scorpions
  A killer bee (D:7)
  2 centaur zombies
  2 crimson imps
  2 jellies (D:5)
  A human zombie (Ossuary)
  A quasit (D:6)
  A bullfrog zombie (D:6)
  A bullfrog skeleton (D:5)
  A centaur skeleton (D:4)
  5 hounds
  3 iguanas
  3 worker ants
  2 orc wizards (D:3)
  A hound zombie (D:7)
  2 mummies (Ossuary)
  Robin (D:2)
  6 gnolls (D:7)
  7 adders
  5 shadow imps
  An ooze (D:2)
  3 worms
  4 dart slugs
  7 leopard geckos
  15 orcs
  6 giant cockroaches
  16 goblins
  11 hobgoblins
  A jackal (D:7)
  7 kobolds
  3 quokkas
  9 bats
  2 frilled lizards
  10 hobgoblin zombies (Ossuary)
  11 kobold zombies (Ossuary)
  9 orc zombies (Ossuary)
  A quokka skeleton (D:5)
  A quokka zombie (D:5)
  6 rats
  3 rat zombies (Ossuary)
192 creatures vanquished.

Notes
Turn   | Place    | Note
-------+----------+-------------------------------------------
     0 | D:1      | Rrauwl the Ogre Monk began the quest for the Orb.
     0 | D:1      | Reached XP level 1. HP: 24/24 MP: 1/1
   119 | D:1      | Reached XP level 2. HP: 24/32 MP: 2/2
   639 | D:1      | Reached XP level 3. HP: 35/40 MP: 3/3
   863 | D:2      | Noticed Robin
  1272 | D:2      | Reached skill level 5 in Fighting
  1272 | D:2      | Reached XP level 4. HP: 21/50 MP: 4/4
  1288 | D:2      | Killed Robin
  1831 | D:3      | Found a shattered altar of Ashenzari.
  1915 | D:3      | Noticed a phantom
  1977 | D:3      | Killed a phantom
  1977 | D:3      | Reached skill level 6 in Fighting
  1977 | D:3      | Reached XP level 5. HP: 54/59 MP: 5/5
  2524 | D:3      | Found a burning altar of Makhleb.
  2524 | D:3      | Found a sparkling altar of Nemelex Xobeh.
  2530 | D:3      | Found an ornate altar of the Wu Jian Council.
  2532 | D:3      | Found a sacrificial altar of Ru.
  2533 | D:3      | Found a faded altar of an unknown god.
  2741 | D:3      | Reached XP level 6. HP: 57/68 MP: 6/6
  2800 | D:3      | Reached skill level 7 in Fighting
  3842 | D:4      | Gained mutation: You are partially covered in molten scales. (AC +2) [potion of mutation]
  3842 | D:4      | Gained mutation: You passively map a small area around you. [potion of mutation]
  3954 | D:4      | Reached skill level 5 in Maces & Flails
  3960 | D:4      | Found a basalt altar of Yredelemnul.
  3960 | D:4      | Found a radiant altar of Vehumet.
  4009 | D:4      | Found a staircase to the Ecumenical Temple.
  4017 | Temple   | Entered the Ecumenical Temple
  4078 | Temple   | Became a worshipper of the Shining One
  4078 | Temple   | Reached * piety under the Shining One
  4078 | Temple   | Reached ** piety under the Shining One
  4159 | D:5      | Entered Level 5 of the Dungeon
  4165 | D:5      | Noticed ldierk's ghost (novice DrGl)
  4222 | D:5      | Reached XP level 7. HP: 79/79 MP: 7/7
  4252 | D:5      | Reached skill level 1 in Evocations
  4277 | D:5      | Reached skill level 8 in Fighting
  4630 | D:5      | Found a sand-covered staircase.
  4635 | Ossuary  | Entered an ossuary
  4717 | Ossuary  | Reached *** piety under the Shining One
  4872 | Ossuary  | Reached **** piety under the Shining One
  5086 | Ossuary  | Reached XP level 8. HP: 53/89 MP: 9/9
  5420 | D:5      | Reached ***** piety under the Shining One
  5497 | D:4      | Reached skill level 9 in Fighting
  6558 | D:6      | Found Gusin's Weapon Emporium.
  6776 | D:6      | HP: 1/93 [orc warrior/glaive (23)]
  7671 | D:6      | Reached skill level 10 in Fighting
  7671 | D:6      | Reached XP level 9. HP: 84/101 MP: 11/11
  8090 | D:7      | Reached skill level 1 in Invocations
  8235 | D:7      | Learned a level 2 spell: Blink
  8945 | D:7      | Slain by an orc warrior

Vault maps used:
D:1:      saegor_arrival_simple_f
D:2:      first_bread, serial_glass, glass_columns_b, glass_columns_a,
          glass_columns_b, glass_columns_a, glass_columns_b, glass_columns_c,
          glass_columns_c, glass_columns_c, glass_columns_a, glass_columns_c,
          uniq_robin
D:3:      chequers_temple_overflow_minitemple, serial_glass, glass_columns_a,
          glass_columns_a, glass_columns_b, glass_columns_b, glass_columns_b,
          glass_columns_b, due_unseen_surprise, minmay_strange_pillars,
          cheibrodos_ashenzari_chains
D:4:      gammafunk_temple_overflow_pools, minmay_temple_entry_enclosed_plants,
          nrook_loot_triangle
D:5:      nicolae_ossuary_entry_plus, serial_glass, glass_columns_a,
          glass_columns_c
D:6:      serial_shops, nicolae_shop_crystal
D:7:      trog_ov_bears_minmay, kennysheep_okawaru_gauntlet, enter_bailey_3,
          minmay_joined_circles
Temple:   cyrus_circular_temple
Ossuary:  ossuary_tomb_1

Skill      XL: |  1  2  3  4  5  6  7  8  9 |
---------------+----------------------------+-----
Dodging        | 3 |  3.0
Maces & Flails | 3 4 5 6 7 |  7.7
Fighting       | 5 6 7 8 10 | 10.1
Evocations     | 2 3 4 |  4.2
Invocations    | 4 |  4.2
Stealth        | |  1.4

Action                   |  1- 3 |  4- 6 |  7- 9 || total
-------------------------+-------+-------+-------++-------
Melee: Mace              |   133 |   104 |       ||   237
       Giant spiked club |       |       |    25 ||    25
 Fire: Hunting sling     |       |   128 |   607 ||   735
Invok: Divine Shield     |       |       |     4 ||     4
Evoke: Wand              |       |       |     3 ||     3
  Use: Potion            |     5 |     7 |     1 ||    13
       Scroll            |     1 |     9 |    12 ||    22
 Stab: Sleeping          |       |     3 |       ||     3
  Eat: Chunk             |     1 |     8 |     6 ||    15
       Royal jelly       |       |     1 |       ||     1
       Fruit             |       |       |     6 ||     6
       Meat ration       |       |       |     1 ||     1
       Bread ration      |       |       |     1 ||     1
Armor: Robe              |    37 |    26 |   127 ||   190
       Skin              |       |    24 |       ||    24
Dodge: Dodged            |    73 |    78 |   238 ||   389
Block: Other             |       |       |     4 ||     4
